 Dungeon Crawl Stone Soup version 0.24.0-37-gcf1ca852f1 (webtiles) character file.

Game seed: 16967066173881686167, levelgen mode: deterministic

1943 Froggeryz the Frost Mage (level 9, -6/102 HPs)
             Began as a Naga Ice Elementalist on Nov 26, 2019.
             Mangled by a phantom (8 damage)
             ... on level 6 of the Dungeon.
             The game lasted 00:12:39 (6369 turns).

Froggeryz the Frost Mage (Naga Ice Elementalist)    Turns: 6369, Time: 00:12:39

Health: -6/102     AC:  0    Str: 14 (15) XL:     9   Next: 18%
Magic:  6/15       EV: 10    Int: 20 (21) God:
Gold:   105        SH:  0    Dex: 12      Spells: 8/17 levels left

rFire    + + .     SeeInvis +   f - +2 long sword
rCold    . . .     Gourm    .   (no shield)
rNeg     . . .     Faith    .   r - +1 robe {rF+}
rPois    +         Spirit   .   (no helmet)
rElec    .         Reflect  .   j - +0 cloak
rCorr    .         Harm     .   (no gloves)
MR       +....                  (no barding)
Stlth    ..........             (no amulet)
HPRegen  0.27/turn              m - ring of stealth
MPRegen  0.14/turn              a - ring of protection from fire

@: berserking, short of breath, corroded, quick
A: large, molten scales 1, see invisible, clever 1, deformed body, deterioration
1, poison resistance, slowness 2, slow metabolism 1, spit poison 2, AC +3
a: Breathe Poison Gas


You were on level 6 of the Dungeon.
You were very hungry.

You visited 1 branch of the dungeon, and saw 7 of its levels.

You collected 219 gold pieces.
You spent 114 gold pieces at shops.

Inventory:

Hand Weapons
 f - a +2 long sword (weapon)
Missiles
 d - 4 boomerangs (quivered)
Armour
 j - a +0 cloak (worn)
 r - a +1 robe of fire resistance (worn)
Jewellery
 a - a ring of protection from fire (right hand)
 m - a ring of stealth (left hand)
Wands
 e - a wand of acid (4)
 p - a wand of digging (4)
Scrolls
 g - 2 scrolls of amnesia
 k - a scroll of fear
 n - 4 scrolls of remove curse
 o - 2 scrolls of teleportation
 q - 2 scrolls of enchant armour {unknown}
 v - 2 scrolls of blinking {unknown}
Potions
 b - a potion of invisibility
 h - 5 potions of curing
 i - a potion of mutation
 l - a potion of magic
 s - a potion of agility {unknown}
 t - a potion of berserk rage
 u - a potion of heal wounds {unknown}
 w - a potion of lignification {unknown}
Comestibles
 c - 11 rations


   Skills:
 - Level 1.5 Dodging
 - Level 3.0 Stealth
 + Level 4.5 Spellcasting
 - Level 1.0 Conjurations
 * Level 6.3 Summonings
 - Level 9.1 Ice Magic


You had 8 spell levels left.
You knew the following spells:

 Your Spells              Type           Power        Failure   Level  Hunger
a - Freeze                Ice            ####         1%          1    None
b - Throw Icicle          Conj/Ice       ###.....     16%         4    ####...
c - Summon Ice Beast      Ice/Summ       #####...     4%          4    ####...

Your spell library contained the following spells:

 Spells                   Type           Power        Failure   Level  Hunger
 Call Imp                 Summ           ####....     1%          2    #......
 Throw Frost              Conj/Ice       ###...       2%          2    #......
 Ozocubu's Armour         Chrm/Ice       ###.....     5%          3    ##.....
 Magic Dart               Conj           #...         9%          1    None
 Blink                    Tloc           N/A          19%         2    #......
 Slow                     Hex            #.......     19%         2    #......
 Conjure Flame            Conj/Fire      #.......     30%         3    ##.....
 Mephitic Cloud           Conj/Pois/Air  #.......     32%         3    ##.....


Dungeon Overview and Level Annotations

Branches:
Dungeon (7/15)
 Temple: D:4-7

Altars:
Dithmenos
Okawaru
Xom

Shops:
D:5 [

Annotations:
D:4 exclusion: wight


Innate Abilities, Weirdness & Mutations

You cannot wear boots.
Your serpentine skin is tough. (AC +3)
You have supernaturally acute eyesight. (SInv)
Armour fits poorly on your strangely shaped body.
Your system is resistant to poisons. (rPois)
You cover ground very slowly.
You have a slow metabolism.
You can exhale a cloud of poison.
You are partially covered in molten scales. (AC +2)
Your mind is acute. (Int +2)
Your body sometimes deteriorates upon taking damage.


Message History

The orc priest looks even sicker.
You kill the orc priest!
Unknown command.
The phantom barely misses you.
You riposte.
You closely miss the phantom.
The phantom is moderately damaged.
The phantom closely misses you.
Things that are here:
a +0 dagger; an orc corpse
Casting: Freeze (safe; 1% risk of failure)
Confirm with . or Enter, or press ? or * to list all spells.
Okay, then.
Unknown command.
It was a potion of berserk rage.
A red film seems to cover your vision as you go berserk!
You feel yourself moving faster!
You feel mighty! The phantom hits you.
* * * LOW HITPOINT WARNING * * *
You barely miss the phantom.
The phantom is moderately damaged.
The phantom hits you!
You die...

#.........#...# #..[....#
#......)..#...# #.......#
#####.............#
#.......#
....#..........#.##
#.......# ....#............#
#.......# ....#.........#..#
######.######
....#.........#..# #....#.#
#####.........#..# #.#....#
...##.........##@###.#....##
...##.........##>W°°<......#
...##.........######.####..#
...############ #...##..#
...# #.####..# ...#
#.#.....###### ...#
#.#..........# ...#
#.#..#.#####.# ...# #......#
#.#


You could see a phantom.

Vanquished Creatures
  Grinder (D:4)
  A hippogriff (D:5)
  Eustachio (D:6)
  Edmund (D:6)
  Menkaure (D:5)
  A sky beast (D:6)
  2 ogres
  A phantom (D:6)
  4 wights (D:4)
  A howler monkey (D:5)
  3 crimson imps (D:5)
  A jelly (D:6)
  An orc priest (D:6)
  Jessica (D:2)
  An iguana (D:4)
  Ijyb (D:4)
  Natasha (twice) (D:3)
  An orc wizard (D:5)
  4 worker ants
  A gnoll (D:7)
  2 adders
  2 oozes
  3 worms
  2 dart slugs
  A leopard gecko (D:5)
  7 orcs
  A ball python (D:1)
  10 giant cockroaches
  6 goblins
  5 hobgoblins
  8 jackals (D:2)
  3 quokkas
  7 bats
  3 frilled lizards
  8 kobolds
  6 rats
104 creatures vanquished.

Vanquished Creatures (collateral kills)
  Prince Ribbit (D:7)
  2 gnolls (D:7)
3 creatures vanquished.

Grand Total: 107 creatures vanquished

Notes
Turn   | Place    | Note
-------+----------+-------------------------------------------
     0 | D:1      | Froggeryz the Naga Ice Elementalist began the quest for the
                  | Orb.
     0 | D:1      | Reached XP level 1. HP: 15/15 MP: 3/3
   167 | D:1      | Reached XP level 2. HP: 16/22 MP: 5/5
   548 | D:1      | Reached skill level 4 in Ice Magic
   685 | D:1      | Reached XP level 3. HP: 25/28 MP: 1/6
  1109 | D:2      | Found an iron altar of Okawaru.
  1460 | D:2      | Reached XP level 4. HP: 31/36 MP: 1/7
  1921 | D:2      | Noticed Jessica
  1926 | D:2      | Killed Jessica
  1926 | D:2      | Reached skill level 5 in Ice Magic
  2315 | D:3      | Noticed Natasha
  2321 | D:3      | Killed Natasha
  2321 | D:3      | Reached XP level 5. HP: 15/42 MP: 5/8
  3087 | D:3      | Noticed Natasha
  3093 | D:3      | Killed Natasha
  3093 | D:3      | Reached skill level 6 in Ice Magic
  3262 | D:4      | Noticed Ijyb
  3272 | D:4      | Noticed a phantom
  3275 | D:4      | Killed Ijyb
  3454 | D:4      | Reached XP level 6. HP: 49/49 MP: 9/9
  3468 | D:4      | Noticed Grinder
  3474 | D:4      | Paralysed by Grinder for 4 turns
  3488 | D:4      | Gained mutation: You can exhale a cloud of poison. [potion
                  | of mutation]
  3488 | D:4      | Gained mutation: Your body sometimes deteriorates upon
                  | taking damage. [potion of mutation]
  3488 | D:4      | Gained mutation: You are partially covered in molten
                  | scales. (AC +2) [potion of mutation]
  3488 | D:4      | Gained mutation: Your mind is acute. (Int +2) [potion of
                  | mutation]
  3489 | D:4      | Paralysed by Grinder for 6 turns
  3523 | D:4      | Paralysed by Grinder for 7 turns
  4220 | D:4      | Found a shadowy altar of Dithmenos.
  4347 | D:4      | Reached skill level 7 in Ice Magic
  4521 | D:4      | Killed Grinder
  4521 | D:4      | Reached skill level 8 in Ice Magic
  4521 | D:4      | Reached XP level 7. HP: 16/55 MP: 2/10
  4537 | D:4      | Learned a level 4 spell: Throw Icicle
  5004 | D:5      | Entered Level 5 of the Dungeon
  5030 | D:5      | Noticed Menkaure
  5038 | D:5      | Killed Menkaure
  5038 | D:5      | Reached skill level 9 in Ice Magic
  5048 | D:5      | Found Mezo's Antique Armour Boutique.
  5051 | D:5      | Bought a glowing robe for 114 gold pieces
  5067 | D:5      | Learned a level 4 spell: Summon Ice Beast
  5068 | D:5      | Noticed a hippogriff
  5073 | D:5      | Killed a hippogriff
  5073 | D:5      | Reached XP level 8. HP: 48/62 MP: 9/11
  5240 | D:5      | Found a shimmering altar of Xom.
  5702 | D:6      | Noticed Edmund
  5708 | D:6      | Killed Edmund
  5708 | D:6      | Reached skill level 5 in Summonings
  5910 | D:6      | Noticed Eustachio
  5925 | D:6      | Killed Eustachio
  5925 | D:6      | Reached XP level 9. HP: 60/68 MP: 9/15
  6348 | D:7      | Noticed Prince Ribbit
  6354 | D:7      | Killed Prince Ribbit
  6368 | D:6      | HP: 1/102 [phantom (6)]
  6369 | D:6      | Mangled by a phantom

Levels and vault maps discovered:
D:1:      dpeg_arrival_oval, layout_basic
D:2:      minmay_kobold_bridge, layout_basic, okawaru_gym_becter, uniq_jessica
D:3:      layout_basic, serial_bayou_pond_d, uniq_natasha
D:4:      layout_basic, first_ration, grunt_dithmenos_smoke_and_mirrors,
          uniq_ijyb, uniq_grinder
D:5:      layout_rooms, serial_shops, kennysheep_mini_moat, minmay_holes,
          led_xom_imps, uniq_menkaure
D:6:      layout_basic, uniq_edmund, uniq_eustachio
D:7:      layout_rooms, temple_statues, the_bakery, uniq_prince_ribbit1,
          uniq_pikel

Skill      XL: |  1  2  3  4  5  6  7  8  9 |
---------------+----------------------------+-----
Ice Magic      | 4 5 6 8 9 |  9.1
Summonings     | 2 5 6 |  6.3
Spellcasting   | 4 |  4.5
Dodging        | |  1.5
Stealth        | |  3.0
Conjurations   | |  1.0

Action                   |  1- 3 |  4- 6 |  7- 9 || total
-------------------------+-------+-------+-------++-------
Melee: Unarmed           |    23 |       |       ||    23
       Short sword       |    11 |    94 |     1 ||   106
       Long sword        |       |       |    66 ||    66
Throw: Boomerang         |    14 |    14 |     1 ||    29
 Cast: Freeze            |    40 |    44 |    28 ||   112
       Summon Ice Beast  |       |       |     3 ||     3
 Abil: Spit Poison       |    15 |    16 |       ||    31
       Breathe Poison Ga |       |     7 |     9 ||    16
Evoke: Wand              |       |     1 |     8 ||     9
  Use: Scroll            |       |     6 |       ||     6
       Potion            |       |     6 |     1 ||     7
 Stab: Sleeping          |       |     4 |     2 ||     6
       Distracted        |       |       |     1 ||     1
  Eat: Chunk             |     3 |    10 |     3 ||    16
       Ration            |       |       |     1 ||     1
Armor: Robe              |    13 |    17 |    34 ||    64
       Leather armour    |       |    36 |     5 ||    41
Dodge: Dodged            |    37 |    51 |    45 ||   133
       Rpst.: Long sword |       |       |    17 ||    17
